 Dungeon Sprint DCSS version 0.30-a0-799-g109b55a442 (webtiles) character file.

Game seed: 4096123810771821522

328607 BigDaddyOpFi the Eye of the Storm (level 20, -8/236 HPs)
             Began as a Demonspawn Fighter on Feb 17, 2023.
             Was a Priest of Qazlal.
             Killed from afar by an electric golem (34 damage)
             ... with a bolt of lightning
             ... in the Dungeon (Sprint VII: "The Pits") on Feb 20, 2023.
             The game lasted 00:27:09 (12843 turns).

BigDaddyOpFi the Eye of the Storm (DsFi)           Turns: 12843, Time: 00:27:09

Health: -8/236     AC: 50    Str: 30    XL:     20   Next: 81%
Magic:  16/45      EV: 22    Int:  6    God:    Qazlal [***...]
Gold:   224        SH: 40    Dex: 13    Spells: 73/73 levels left

rFire   . . .      SeeInvis +    V - +8 mithril axe "Arga" {speed, Will+}
rCold   . . .      Faith    .    E - +6 tower shield
rNeg    . . .      Spirit   .    D - +12 plate armour
rPois   .          Reflect  +    (helmet unavailable)
rElec   .          Harm     .    t - +2 cloak {Will+}
rCorr   .          Rampage  ∞    W - +4 pair of gloves
Will    ++++.      NoTele   +    U - +3 pair of seven-league boots {Rampage+∞}
Stlth   ++++                     F - amulet of Jealousy {Reflect +Blink SH+5 Stlth+}
HPRegen 0.00/turn                f - ring of Duaru {AC+6 Str+3}
MPRegen 0.29/turn                B - ring of Xom's Fury {Will+ Int-3 Dex+3 Slay+5}

@: protected from fire, inhibited regen, hasted, studying 2 skills, very quick
A: antennae 3, foul stench 2, powered by death 2, robust 2, sturdy frame 3,
clumsy 1, deformed body, low MP 1, inhibited regeneration, heat vulnerability 1
}: 2/3 runes: silver, golden
a: Renounce Religion, Evoke Blink, Upheaval, Elemental Force


You were in the Dungeon.
You worshipped Qazlal.
Qazlal was most pleased with you.
You visited 1 branch You collected 224 gold pieces.

Inventory:

Hand Weapons
 V - the +8 mithril axe "Arga" (weapon) {speed, Will+}
   (You found it in the Dungeon)

   Will:      It increases your willpower.
Armour
 t - a +2 cloak of willpower (worn)
 D - a +12 plate armour (worn)
 E - a +6 tower shield (worn)
 U - the +3 pair of seven-league boots (worn) {Rampage+∞}
   (You found it in the Dungeon)

   Rampage+∞: When moving toward enemies, its wearer moves as far as possible.
 W - a +4 pair of gloves (worn)
Jewellery
 f - the ring of Duaru (left hand) {AC+6 Str+3}
   (You found it in the Dungeon)

   [ring of protection]

   AC:        It affects your AC (+6).
   Str:       It affects your strength (+3).
 B - the ring of Xom's Fury (right hand) {Will+ Int-3 Dex+3 Slay+5}
   (You found it in the Dungeon)

   [ring of slaying]

   Int:       It affects your intelligence (-3).
   Dex:       It affects your dexterity (+3).
   Slay:      It affects your accuracy & damage with ranged weapons and melee
   (+5).
   Will:      It increases your willpower.
 F - the amulet of Jealousy (around neck) {Reflect +Blink SH+5 Stlth+}
   (You found it in the Dungeon)

   [amulet of reflection]

   It reflects blocked missile attacks.
   +Blink:    It lets you blink.
   SH:        It affects your SH (+5).
   Stlth:     It makes you more stealthy.
 Q - a ring of willpower
 Z - a ring of ice
Wands
 r - a wand of quicksilver (3)
 P - a wand of roots (15)
 X - a wand of digging (4) (quivered)
Scrolls
 b - 4 scrolls of fog
 l - 3 scrolls of fear
 p - 6 scrolls of identify
 G - 2 scrolls of enchant weapon
 T - 4 scrolls of poison
Potions
 a - 2 potions of attraction {unknown}
 e - 21 potions of curing
 g - 7 potions of haste
 h - 6 potions of magic
 i - 6 potions of berserk rage
 j - a potion of cancellation {unknown}
 k - 2 potions of invisibility
 o - 8 potions of might
 u - 2 potions of resistance
 A - 8 potions of mutation
 C - 8 potions of heal wounds
 H - a potion of ambrosia
 R - 3 potions of brilliance
 S - 2 potions of lignification
 Y - a potion of flight
Miscellaneous
 d - a piece from Xom's chessboard (15/15)
 q - a piece from Xom's chessboard (15/15)
 w - a piece from Xom's chessboard (15/15)


   Skills:
 O Level 27 Fighting
 O Level 27 Axes
 O Level 27 Armour
 O Level 27 Dodging
 + Level 18.6 Stealth
 O Level 27 Shields
 O Level 27 Spellcasting
 O Level 27 Invocations
 O Level 27 Evocations


You had 73 spell levels left.
You didn't know any spells.
Your spell library contained the following spells:

 Spells                   Type           Power      Damage    Failure   Level
 Freeze                   Ice            32%        1d5       4%          1
 Magic Dart               Conj           32%        1d4       4%          1
 Necrotise                Necr           32%        1d5       4%          1
 Summon Small Mammal      Summ           32%        N/A       4%          1
 Blink                    Tloc           16%        N/A       8%          2
 Cigotuvi's Dreadful Rot  Necr/Pois/Air  16%        N/A       8%          2
 Ensorcelled Hibernation  Hex/Ice        16%        N/A       8%          2
 Lesser Beckoning         Tloc           16%        N/A       8%          2
 Momentum Strike          Conj/Tloc      16%        3d8       8%          2
 Passwall                 Tmut/Erth      6%         N/A       8%          2
 Searing Ray              Conj           16%        2d5       8%          2
 Sublimation of Blood     Necr           8%         N/A       8%          2
 Wereblood                Tmut           8%         N/A       8%          2
 Call Canine Familiar     Summ           8%         N/A       14%         3
 Frozen Ramparts          Ice            16%        1d3       14%         3
 Mephitic Cloud           Conj/Pois/Air  8%         N/A       14%         3
 Ozocubu's Armour         Ice            8%         N/A       14%         3
 Portal Projectile        Hex/Tloc       16%        N/A       14%         3
 Summon Guardian Golem    Hex/Summ       8%         N/A       14%         3
 Swiftness                Air            8%         N/A       14%         3
 Tukima's Dance           Hex            8%         N/A       14%         3
 Vampiric Draining        Necr           8%         2d6       14%         3
 Vhi's Electric Charge    Tloc/Air       16%        N/A       14%         3
 Airstrike                Air            4%         2d(1-17)  43%         4
 Dispel Undead            Necr           8%         3d8       43%         4
 Fulminant Prism          Conj/Hex       4%         3d5       43%         4
 Ice Form                 Ice/Tmut       8%         N/A       43%         4
 Manifold Assault         Tloc           8%         N/A       43%         4
 Petrify                  Tmut/Erth      8%         N/A       43%         4
 Summon Ice Beast         Ice/Summ       8%         N/A       43%         4
 Agony                    Necr           8%         N/A       80%         5
 Arcjolt                  Conj/Air       4%         1d14      80%         5
 Blade Hands              Tmut           4%         N/A       80%         5
 Freezing Cloud           Conj/Ice/Air   4%         6-21      80%         5
 Lightning Bolt           Conj/Air       4%         1d15      80%         5
 Metabolic Englaciation   Hex/Ice        4%         N/A       80%         5
 Death Channel            Necr           4%         N/A       100%        6
 Dispersal                Tloc           4%         N/A       100%        6
 Iron Shot                Conj/Erth      4%         9d2       100%        6
 Ozocubu's Refrigeration  Ice            4%         4d8       100%        7
 Summon Hydra             Summ           4%         N/A       100%        7
 Disjunction              Tloc           4%         N/A       100%        8
 Maxwell's Capacitive Co  Air            4%         ∞         100%        8


Dungeon Overview and Level Annotations

Branches:
Dungeon (1/1)

Altars:
Ashenzari
Cheibriados
Dithmenos
Fedhas
Gozag
Hepliaklqana
Kikubaaqudgha
Makhleb
Nemelex Xobeh
Okawaru
Qazlal
Ru
Sif Muna
Trog
Uskayaw
Vehumet
Wu Jian
Xom
Yredelemnul
Jiyva
Lugonu

Annotations:
D Antaeus


Innate Abilities, Weirdness & Mutations

You have a pair of large antennae on your head. (SInv)
You sometimes emit foul miasma when damaged in melee.
You regenerate health from kills.
You are very robust. (+20% HP)
Your movements are significantly less encumbered by armour. (ER -6)
You are clumsy. (Dex -2)
Armour fits poorly on your strangely shaped body.
Your magical capacity is low. (-10% MP)
You do not regenerate when monsters are visible.
You are vulnerable to heat. (rF-)


Message History

A storm cloud blasts the area with cutting wind!
Qazlal accepts your kill.
The golden dragon disappears in a puff of smoke!
You feel a bit more experienced.
Your Stealth skill gained 2 levels and is now at level 18!
Okay, then.
Aiming: Upheaval
Press: ? - help, Dir - move target, f - Antaeus
Aim: Antaeus (heavily wounded) Magma suddenly erupts from the ground!
The blast of magma engulfs Antaeus.
Antaeus is burned terribly!
Antaeus is heavily wounded.
Your protection from fire is fading.
You don't have enough magic at the moment.
Unknown command.
Okay, then.
Magic courses through your body.
Aiming: Upheaval
Press: ? - help, Dir - move target, f/p - Antaeus
Aim: Antaeus (thunder, heavily wounded)
The ground shakes violently, spewing rubble!
The blast of rubble hits Antaeus but does no damage.
Antaeus is heavily wounded.
Activating: Elemental Force (0% risk of failure)
Press: ? - help, Dir - look around, f - activate Clouds arounds you coalesce and take form!
The storm surrounding you is now too weak to repel missiles.
You will no longer adapt resistances upon receiving elemental damage.
Antaeus hits your air elemental! Antaeus freezes your air elemental!!!
Your air elemental is destroyed!
Your air elemental disappears in a puff of smoke!
Aiming: Upheaval
Press: ? - help, Dir - move target, f - Antaeus
Aim: Antaeus (heavily wounded, ally target) Really fire at your air elemental?
Okay, then.
Your air elemental hits Antaeus but does no damage.
The electric golem hurls lightning at you.
The bolt of lightning hits you!!
You die...

....# #.[.).....).)).))...#
....##################)#######
....##.......................#
....##.......................#
....########################'#
....# ### ## ## #'# ....#
#.###.###.###{ #.#
....####'.'##.C##○+# #'#
....##.'..[).E.○@.○+ #.#
...######)###9###○## #'# ..##
{ #'# #'# ### #.# .##
####[###.###.## #'# ##
#.').D'.)≈'...####### #.# ##
#'##.###.###.###.'#.###'# .###
##≈###.#'#{###.###...##.#
...###'#{≈##'≈##+.##'.'#.###'#
....##.#.≈.'≈≈.#...#...#'# #.#


You could see Antaeus (ally target), an electric golem and a friendly air
elemental (summoned).

Vanquished Creatures
  Dissolution (D)
  the Serpent of Hell (D)
  Mnoleg (D)
  2 ancient liches (D)
  2 orbs of fire (D)
  Khufu (D)
  Mara (D)
  5 pandemonium lords (D)
  6 royal mummies (D)
  Margery (D)
  A Killer Klown (D)
  5 curse toes (D)
  Xtahua (D)
  the Lernaean hydra (D)
  Frederick (D)
  Nikola (D)
  2 golden dragons (D)
  A pearl dragon (D)
  Jory (D)
  4 bone dragons (D)
  4 Tzitzimimeh (D)
  2 Brimstone Fiends (D)
  A hellephant (D)
  4 electric golems (D)
  Rupert (D)
  4 Ice Fiends (D)
  26 Orb Guardians (D)
  A lich (D)
  18 titans (D)
  4 quicksilver dragons (D)
  2 deep elf master archers (D)
  4 deep elf blademasters (D)
  3 acid blobs (D)
  An eldritch tentacle (D)
  Frances (D)
  4 Executioners (D)
  2 shadow dragons (D)
  Murray (D)
  A sphinx (D)
  2 storm dragons (D)
  3 nagarajas (D)
  4 draconian monks (D)
  A daeva (D)
  15 fire giants (D)
  3 azure jellies (D)
  A draconian knight (D)
  An iron dragon (D)
  A balrug (D)
  Louise (D)
  11 frost giants (D)
  A draconian scorcher (D)
  2 ghost moths (D)
  2 deep elf sorcerers (D)
  3 rockslimes (D)
  Aizul (D)
  5 ghouls (D)
  A reaper (D)
  3 draconian shifters (D)
  2 angels (D)
  3 orc warlords (D)
  2 war gargoyles (D)
  6 cacodemons (D)
  13 stone giants (D)
  3 draconian annihilators (D)
  A vampire knight (D)
  2 black draconians (D)
  A green draconian (D)
  4 ophanim (D)
  3 deep elf demonologists (D)
  2 purple draconians (D)
  2 deep elf annihilators (D)
  A red draconian (D)
  2 white draconians (D)
  A minotaur (D)
  2 dire elephants (D)
  A mummy priest (D)
  2 blizzard demons (D)
  3 eidola (D)
  5 green deaths (D)
  21 ettins (D)
  2 great orbs of eyes (D)
  A deep elf death mage (D)
  2 merfolk javelineers (D)
  A deep elf high priest (D)
  13 vault guards (D)
  2 hydras (D)
  A hell beast (D)
  3 ice dragons (D)
  An alligator snapping turtle (D)
  Erica (D)
  An iron elemental (D)
  2 spriggan air magi (D)
  2 alligators (D)
  2 death knights (D)
  A dancing weapon (D)
  A vampire mage (D)
  A deep troll earth mage (D)
  3 naga warriors (D)
  3 death yaks (D)
  2 deep troll shamans (D)
  23 hell knights (D)
  A fire crab (D)
  An iron troll (D)
  2 shadow wraiths (D)
  A sixfirhy (D)
  5 deep elf knights (D)
  A cherub (D)
  A flayed ghost (D)
  2 deep elf archers (D)
  2 swamp dragons (D)
  Pikel (D)
  2 bog bodies (D)
  A spriggan druid (D)
  2 deep trolls (D)
  12 wizards (D)
  2 deep elf pyromancers (D)
  11 orc knights (D)
  19 necromancers (D)
  11 cyclopes (D)
  2 ugly things (D)
  2 manticores (D)
  An elephant (D)
  2 naga magi (D)
  A smoke demon (D)
  A molten gargoyle (D)
  An eye of devastation (D)
  2 unseen horrors (D)
  A guardian serpent (D)
  4 hellions (D)
  2 yaktaurs (D)
  A kobold demonologist (D)
  A rime drake (D)
  A tormentor (D)
  A wandering mushroom (D)
  3 ice devils (D)
  A guardian mummy (D)
  6 merfolk (D)
  3 trolls (D)
  A red devil (D)
  2 wind drakes (D)
  2 tyrant leeches (D)
  2 hornets (D)
  2 tarantellas (D)
  8 blink frogs (D)
  A jumping spider (D)
  A dream sheep (shapeshifter) (D)
  A vampire (D)
  A ynoxinul (D)
  A spriggan (D)
  2 water elementals (D)
  3 wraiths (D)
  A fire elemental (D)
  A basilisk (D)
  7 humans (D)
  7 vampire mosquitoes (D)
  7 nagas (D)
  5 redbacks (D)
  An acid dragon (D)
  A water moccasin (D)
  7 floating eyes (D)
  4 orc warriors (D)
  An ice beast (D)
  2 swamp drakes (D)
  5 wolves (D)
  A centaur (D)
  A phantom (D)
  A lemure (D)
  A kobold brigand (D)
  2 small abominations (D)
  3 necrophages (D)
  10 wights (D)
  A gnoll bouda (D)
  A jelly (D)
  2 orc priests (D)
  An iron imp (D)
  Jessica (D)
  Ijyb (D)
  An orc wizard (D)
  2 mummies (D)
  5 gnolls (D)
  An adder (D)
  A river rat (D)
  A worm (D)
  4 orcs (D)
  A ball python (D)
  A bat skeleton (D)
  3 bat zombies (D)
  An endoplasm (D)
  A giant cockroach (D)
  A goblin (D)
  2 hobgoblins (D)
  4 jackals (D)
  A quokka (D)
  A ball python simulacrum (D)
  A ball python skeleton (D)
  A bat simulacrum (D)
  3 frilled lizards (D)
  3 kobolds (D)
588 creatures vanquished.

Vanquished Creatures (others)
  Boris (D)
  An anaconda (D)
  An adder zombie (D)
3 creatures vanquished.

Grand Total: 591 creatures vanquished

Notes
Turn   | Place    | Note
-------+----------+-------------------------------------------
     0 | D        | BigDaddyOpFi the Demonspawn Fighter began the quest for the
                  | Orb.
     0 | D        | Reached XP level 1. HP: 18/18 MP: 1/1
    17 | D        | Found a bloodstained altar of Trog.
    17 | D        | Found a shimmering blue altar of Sif Muna.
    17 | D        | Found a viscous altar of Jiyva.
    17 | D        | Found a hazy altar of Hepliaklqana.
    17 | D        | Found an opulent altar of Gozag.
    18 | D        | Found a basalt altar of Yredelemnul.
    18 | D        | Found a shimmering altar of Xom.
    18 | D        | Found an ornate altar of the Wu Jian Council.
    18 | D        | Found a sacrificial altar of Ru.
    18 | D        | Found a stormy altar of Qazlal.
    18 | D        | Found an iron altar of Okawaru.
    18 | D        | Found a sparkling altar of Nemelex Xobeh.
    18 | D        | Found a burning altar of Makhleb.
    18 | D        | Found a blossoming altar of Fedhas.
    18 | D        | Found a shadowy altar of Dithmenos.
    18 | D        | Found a snail-covered altar of Cheibriados.
    19 | D        | Found a radiant altar of Vehumet.
    19 | D        | Found a corrupted altar of Lugonu.
    20 | D        | Found a hide-covered altar of Uskayaw.
    20 | D        | Found an ancient bone altar of Kikubaaqudgha.
    20 | D        | Found a broken altar of Ashenzari.
    24 | D        | Became a worshipper of Qazlal Stormbringer
    52 | D        | Reached skill level 1 in Invocations
    54 | D        | Noticed a floating eye
    56 | D        | Paralysed by a floating eye for 2 turns
    58 | D        | Killed a floating eye
    59 | D        | Gained mutation: Your movements are slightly less
                  | encumbered by armour. (ER -2) [demonic ancestry]
    59 | D        | Reached XP level 2. HP: 26/26 MP: 1/6
    59 | D        | Gained mutation: You regenerate a little health from kills.
                  | [demonic ancestry]
    59 | D        | Reached XP level 3. HP: 31/31 MP: 1/7
    59 | D        | Gained mutation: You have a pair of small antennae on your
                  | head. [demonic ancestry]
    59 | D        | Reached XP level 4. HP: 38/38 MP: 1/8
    60 | D        | Reached * piety under Qazlal
    71 | D        | Reached ** piety under Qazlal
   258 | D        | Noticed a necrophage
   262 | D        | Killed a necrophage
   263 | D        | Reached skill level 5 in Fighting
   263 | D        | Reached XP level 5. HP: 44/44 MP: 8/10
   270 | D        | Reached *** piety under Qazlal
   330 | D        | Noticed Pikel
   330 | D        | Noticed a lemure
   330 | D        | Noticed a lemure
   338 | D        | Killed a lemure
   341 | D        | Reached skill level 5 in Armour
   341 | D        | Reached skill level 5 in Shields
   343 | D        | Reached **** piety under Qazlal
   343 | D        | Noticed a lemure
   346 | D        | Noticed a lemure
   353 | D        | Paralysed by Pikel for 2 turns
   364 | D        | Killed Pikel
   365 | D        | Reached XP level 6. HP: 27/55 MP: 12/15
   365 | D        | Gained mutation: You may rarely emit foul miasma when
                  | damaged in melee. [demonic ancestry]
   365 | D        | Reached XP level 7. HP: 30/60 MP: 12/16
   392 | D        | Reached ***** piety under Qazlal
   697 | D        | Noticed Ijyb
   706 | D        | Killed Ijyb
   823 | D        | Noticed a troll
   832 | D        | Killed a troll
   833 | D        | Gained mutation: Your movements are less encumbered by
                  | armour. (ER -4) [demonic ancestry]
   833 | D        | Reached XP level 8. HP: 62/68 MP: 16/18
   909 | D        | Reached ****** piety under Qazlal
  1008 | D        | Noticed Jessica
  1009 | D        | Killed Jessica
  1191 | D        | Got the +1 broad axe of the Pits of Slime {elec, rPois}
  1275 | D        | Reached skill level 15 in Invocations
  1275 | D        | Reached XP level 9. HP: 74/76 MP: 20/20
  1287 | D        | Noticed a four-headed hydra
  1288 | D        | Noticed a deep troll
  1288 | D        | Noticed a smoke demon
  1290 | D        | Killed a deep troll
  1290 | D        | Killed a smoke demon
  1296 | D        | Killed a seven-headed hydra
  1297 | D        | Reached skill level 10 in Fighting
  1404 | D        | Noticed a manticore
  1404 | D        | Noticed a tyrant leech
  1405 | D        | Killed a tyrant leech
  1406 | D        | Gained mutation: You sometimes emit foul miasma when
                  | damaged in melee. [demonic ancestry]
  1406 | D        | Reached XP level 10. HP: 73/86 MP: 13/22
  1408 | D        | Killed a manticore
  1568 | D        | Noticed a manticore
  1569 | D        | Paralysed by a floating eye for 2 turns
  1584 | D        | Killed a manticore
  1585 | D        | Reached skill level 10 in Armour
  1585 | D        | Noticed a deep elf pyromancer
  1593 | D        | Killed a deep elf pyromancer
  1604 | D        | Reached skill level 10 in Shields
  1802 | D        | Noticed an elephant
  1806 | D        | Killed a cyclops
  1806 | D        | Killed an elephant
  1807 | D        | Reached skill level 10 in Axes
  2017 | D        | Noticed a molten gargoyle
  2019 | D        | Noticed Erica
  2024 | D        | Killed a shadow wraith
  2024 | D        | Killed a molten gargoyle
  2025 | D        | Gained mutation: You have a pair of antennae on your head.
                  | [demonic ancestry]
  2025 | D        | Reached XP level 11. HP: 95/95 MP: 15/25
  2028 | D        | Killed Erica
  2583 | D        | Noticed an eidolon
  2600 | D        | Killed an eidolon
  2825 | D        | Noticed a minotaur
  2825 | D        | Noticed an eidolon
  2825 | D        | Noticed an orc knight
  2825 | D        | Noticed an orc knight
  2825 | D        | Noticed an orc knight
  2825 | D        | Noticed an orc knight
  2826 | D        | Noticed an orc warlord
  2827 | D        | Noticed an orc warlord
  2827 | D        | Noticed an orc knight
  2828 | D        | Noticed an orc knight
  2828 | D        | Noticed an orc knight
  2830 | D        | Noticed an orc knight
  2831 | D        | Killed an orc knight
  2831 | D        | Killed an orc knight
  2831 | D        | Killed an orc warlord
  2831 | D        | Killed an orc knight
  2831 | D        | Killed an orc warlord
  2831 | D        | Killed an orc knight
  2831 | D        | Killed an orc knight
  2832 | D        | Gained mutation: You regenerate health from kills. [demonic
                  | ancestry]
  2832 | D        | Reached XP level 12. HP: 44/106 MP: 18/27
  2833 | D        | Killed an eidolon
  2835 | D        | Noticed a naga warrior
  2838 | D        | Killed a minotaur
  2838 | D        | Killed a naga warrior
  2838 | D        | Killed a naga warrior
  2860 | D        | Noticed a spriggan air mage
  2861 | D        | Noticed a vault guard
  2872 | D        | Killed a spriggan air mage
  2874 | D        | Killed a vault guard
  2932 | D        | Noticed a vault guard
  2932 | D        | Noticed an ophan
  2933 | D        | Noticed a naga warrior
  2936 | D        | Killed a vault guard
  2937 | D        | Gained mutation: You have a pair of large antennae on your
                  | head. (SInv) [demonic ancestry]
  2937 | D        | Reached XP level 13. HP: 101/114 MP: 29/29
  2950 | D        | Killed an ophan
  3124 | D        | Got the +1 crystal plate armour "Zeas" {Rampage Int+3}
  3293 | D        | Noticed a deep elf demonologist
  3294 | D        | Noticed an angel
  3295 | D        | Killed a deep elf demonologist
  3295 | D        | Killed an angel
  3296 | D        | Reached skill level 15 in Fighting
  3391 | D        | Noticed a merfolk javelineer
  3396 | D        | Killed a merfolk javelineer
  3396 | D        | Identified the +1 long sword "Newtslayer" {speed, *Rage
                  | rElec SInv}
  3396 | D        | Noticed a deep elf sorcerer
  3397 | D        | Killed a deep elf sorcerer
  3407 | D        | Reached skill level 27 in Invocations
  3407 | D        | Noticed a merfolk javelineer
  3418 | D        | Killed a merfolk javelineer
  3419 | D        | Reached skill level 15 in Armour
  3441 | D        | Reached skill level 15 in Shields
  3576 | D        | Noticed a bone dragon
  3576 | D        | Noticed a green draconian
  3576 | D        | Noticed a war gargoyle
  3576 | D        | Noticed a green draconian monk
  3577 | D        | Noticed a purple draconian
  3577 | D        | Noticed Frances
  3577 | D        | Noticed a yellow draconian annihilator
  3577 | D        | Noticed a nagaraja
  3579 | D        | Noticed a yellow draconian annihilator
  3580 | D        | Killed a nagaraja
  3580 | D        | Killed a deep elf demonologist
  3580 | D        | Killed a green draconian
  3580 | D        | Killed a purple draconian
  3580 | D        | Killed a green draconian monk
  3580 | D        | Killed a yellow draconian annihilator
  3580 | D        | Killed a yellow draconian annihilator
  3580 | D        | Killed a nagaraja
  3580 | D        | Noticed Boris
  3581 | D        | Reached skill level 15 in Axes
  3581 | D        | Gained mutation: You are robust. (+10% HP) [demonic
                  | ancestry]
  3581 | D        | Reached XP level 14. HP: 86/140 MP: 22/31
  3581 | D        | Noticed a ghoul
  3582 | D        | Noticed a deep elf sorcerer
  3585 | D        | Killed a war gargoyle
  3586 | D        | Noticed a ghoul
  3587 | D        | Noticed a green draconian monk
  3591 | D        | Noticed a yellow draconian annihilator
  3592 | D        | Killed a yellow draconian annihilator
  3592 | D        | Killed a ghoul
  3592 | D        | Killed a deep elf sorcerer
  3592 | D        | Killed a green draconian monk
  3592 | D        | Killed Frances
  3592 | D        | Killed a ghoul
  3592 | D        | Killed Boris
  3596 | D        | Killed a bone dragon
  3612 | D        | Noticed a green draconian monk
  3638 | D        | Killed a green draconian monk
  3721 | D        | Noticed an ophan
  3722 | D        | Paralysed by a floating eye for 3 turns
  3731 | D        | Killed an ophan
  3750 | D        | Got the Excursus on the Scintillating Icicle
  3785 | D        | Upgraded the game from 0.30-a0-779-g7971cf19c3 to
                  | 0.30-a0-799-g109b55a442
  3823 | D        | Got the ring of Xom's Fury {Will+ Int-3 Dex+3 Slay+5}
  3825 | D        | Got the ring "Ozxaikli" {Fly Str+4 Slay+2}
  3827 | D        | Got the amulet of Jealousy {Reflect +Blink SH+5 Stlth+}
  3829 | D        | Got the amulet of Departure {Spirit rElec}
  3831 | D        | Got the amulet "Uvvutt" {Faith +Inv rElec rF- rC+}
  3833 | D        | Got the amulet "Kaumouw" {Faith Fragile rPois rN++}
  3835 | D        | Got the amulet "Qaigoy" {Acrobat rF++}
  3837 | D        | Got the ring of the Hero {rElec rF+ Int+6 Slay+3}
  3839 | D        | Got the ring of Agrujy {EV+6 Str+2 Int+3 Dex+3}
  3853 | D        | Got the ring of Duaru {AC+6 Str+3}
  3869 | D        | Got the ring "Muqeef" {rPois rC++}
  3962 | D        | Noticed a sphinx
  3963 | D        | Identified the +5 plate armour of Slovenliness {rElec}
  3977 | D        | Killed a sphinx
  4071 | D        | Noticed an orc warlord
  4078 | D        | Killed an orc warlord
  4078 | D        | Killed an Executioner
  4082 | D        | Noticed Aizul
  4090 | D        | Killed Aizul
  4091 | D        | Reached XP level 15. HP: 132/155 MP: 17/32
  4105 | D        | Noticed a frost giant
  4120 | D        | Killed a frost giant
  4158 | D        | Noticed Mixafy the pandemonium lord
  4163 | D        | Noticed a daeva
  4165 | D        | Killed Mixafy the pandemonium lord
  4196 | D        | Identified the amulet "Roynovij" {Faith Dex+3}
  4220 | D        | Killed a daeva
  4531 | D        | Got the Parchment of Inhalation and Curses
  4555 | D        | Noticed a quicksilver dragon
  4558 | D        | Noticed a bone dragon
  4560 | D        | Paralysed by a floating eye for 3 turns
  4564 | D        | Killed a quicksilver dragon
  4580 | D        | Killed a bone dragon
  4682 | D        | Found the +8 trishula "Condemnation" {holy, anguish, *Noise
                  | Fly rN+}
  4749 | D        | Noticed Rupert
  4752 | D        | Killed Rupert
  4753 | D        | Reached XP level 16. HP: 171/171 MP: 24/33
  4782 | D        | Got a silver rune of Zot
  5074 | D        | Noticed a curse toe
  5075 | D        | Noticed a hellephant
  5075 | D        | Noticed a deep elf master archer
  5075 | D        | Killed a deep elf master archer
  5076 | D        | Killed a curse toe
  5076 | D        | Killed a hellephant
  5098 | D        | Noticed the 27-headed Lernaean hydra
  5100 | D        | Noticed a curse toe
  5104 | D        | Killed a curse toe
  5104 | D        | Killed the 27-headed Lernaean hydra
  5226 | D        | Noticed a deep elf blademaster
  5226 | D        | Noticed a curse toe
  5229 | D        | Killed a deep elf blademaster
  5234 | D        | Killed a curse toe
  5406 | D        | Noticed a deep elf master archer
  5407 | D        | Killed a deep elf master archer
  5481 | D        | Noticed a titan
  5481 | D        | Noticed a bone dragon
  5481 | D        | Noticed a shadow dragon
  5483 | D        | Killed a titan
  5491 | D        | Killed a bone dragon
  5501 | D        | Killed a shadow dragon
  5538 | D        | Noticed a curse toe
  5538 | D        | Noticed Jory
  5541 | D        | Killed a curse toe
  5542 | D        | Gained mutation: Your movements are significantly less
                  | encumbered by armour. (ER -6) [demonic ancestry]
  5542 | D        | Reached XP level 17. HP: 188/188 MP: 17/34
  5547 | D        | Killed Jory
  5781 | D        | Noticed a Killer Klown
  5798 | D        | Killed a Killer Klown
  5956 | D        | Found the +8 mithril axe "Arga" {speed, Will+}
  5957 | D        | Found the +3 pair of seven-league boots {Rampage+∞}
  6081 | D        | Noticed a golden dragon
  6088 | D        | Killed a golden dragon
  6218 | D        | Noticed an Orb Guardian
  6218 | D        | Noticed an Orb Guardian
  6218 | D        | Noticed an Orb Guardian
  6218 | D        | Noticed an Orb Guardian
  6219 | D        | Killed an Orb Guardian
  6219 | D        | Killed an Orb Guardian
  6219 | D        | Killed an Orb Guardian
  6219 | D        | Killed an Orb Guardian
  6220 | D        | Reached skill level 27 in Fighting
  6220 | D        | Noticed Xtahua
  6222 | D        | Noticed an Orb Guardian
  6225 | D        | Noticed a titan
  6225 | D        | Noticed an Ice Fiend
  6226 | D        | Killed a titan
  6231 | D        | Noticed an Orb Guardian
  6233 | D        | Noticed Mara
  6234 | D        | Noticed a deep elf blademaster
  6235 | D        | Killed Xtahua
  6235 | D        | Noticed an Orb Guardian
  6244 | D        | Killed an Orb Guardian
  6244 | D        | Killed an Ice Fiend
  6244 | D        | Killed an Orb Guardian
  6244 | D        | Killed a deep elf blademaster
  6244 | D        | Killed an Orb Guardian
  6255 | D        | Noticed BigDaddyOpFi's illusion
  6267 | D        | Noticed BigDaddyOpFi's illusion
  6267 | D        | Killed Mara
  6529 | D        | Noticed an Orb Guardian
  6530 | D        | Noticed an Orb Guardian
  6533 | D        | Noticed a Tzitzimitl
  6536 | D        | Noticed Beza the pandemonium lord
  6538 | D        | Killed an Orb Guardian
  6538 | D        | Killed a Tzitzimitl
  6538 | D        | Killed an Orb Guardian
  6539 | D        | Killed Beza the pandemonium lord
  6541 | D        | Noticed a Brimstone Fiend
  6549 | D        | Killed a Brimstone Fiend
  6549 | D        | Noticed an Orb Guardian
  6569 | D        | Killed an Orb Guardian
  6572 | D        | Noticed a titan
  6573 | D        | Noticed an electric golem
  6574 | D        | Noticed an Orb Guardian
  6574 | D        | Noticed Mnoleg
  6575 | D        | Noticed Dissolution
  6577 | D        | Killed an Orb Guardian
  6577 | D        | Gained mutation: Armour fits poorly on your strangely
                  | shaped body. [a cacodemon]
  6578 | D        | Reached skill level 27 in Armour
  6588 | D        | Killed an electric golem
  6588 | D        | Killed Dissolution
  6589 | D        | Reached skill level 27 in Axes
  6589 | D        | Reached skill level 27 in Shields
  6589 | D        | Gained mutation: You are very robust. (+20% HP) [demonic
                  | ancestry]
  6589 | D        | Reached XP level 18. HP: 167/218 MP: 4/35
  6591 | D        | Noticed an Orb Guardian
  6598 | D        | Reached skill level 10 in Dodging
  6605 | D        | Killed an Orb Guardian
  6608 | D        | Noticed an Orb Guardian
  6612 | D        | Noticed a tentacled monstrosity
  6623 | D        | Killed an Orb Guardian
  6624 | D        | Noticed a tentacled monstrosity
  6624 | D        | Noticed a tentacled monstrosity
  6625 | D        | Noticed a tentacled monstrosity
  6625 | D        | Noticed a tentacled monstrosity
  6635 | D        | Noticed a tentacled monstrosity
  6635 | D        | Noticed a tentacled monstrosity
  6642 | D        | Paralysed by a floating eye for 2 turns
  6647 | D        | Noticed a tentacled monstrosity
  6649 | D        | Gained mutation: You do not regenerate when monsters are
                  | visible. [a shining eye]
  6655 | D        | Killed Mnoleg
  6798 | D        | Noticed an electric golem
  6804 | D        | Killed an electric golem
  6887 | D        | Noticed Margery
  6897 | D        | Killed Margery
  6898 | D        | Reached skill level 15 in Dodging
  6922 | D        | Noticed Muyczoz the pandemonium lord
  6924 | D        | Killed Muyczoz the pandemonium lord
  6928 | D        | Noticed a golden dragon
  6929 | D        | Noticed a Tzitzimitl
  6947 | D        | Killed a Tzitzimitl
  6954 | D        | Killed a golden dragon
  7419 | D        | Noticed an Orb Guardian
  7422 | D        | Noticed an Orb Guardian
  7422 | D        | Noticed an Orb Guardian
  7423 | D        | Noticed an Orb Guardian
  7424 | D        | Killed an Orb Guardian
  7424 | D        | Killed an Orb Guardian
  7424 | D        | Killed an Orb Guardian
  7425 | D        | Noticed an Orb Guardian
  7425 | D        | Noticed an ancient lich
  7426 | D        | Noticed an Orb Guardian
  7426 | D        | Noticed an Orb Guardian
  7427 | D        | Noticed an Orb Guardian
  7428 | D        | Killed an Orb Guardian
  7428 | D        | Noticed an Orb Guardian
  7429 | D        | Killed an Orb Guardian
  7429 | D        | Killed an Orb Guardian
  7429 | D        | Killed an Orb Guardian
  7429 | D        | Killed an Orb Guardian
  7429 | D        | Killed an Orb Guardian
  7431 | D        | Noticed an Orb Guardian
  7431 | D        | Noticed an Orb Guardian
  7431 | D        | Noticed an Orb Guardian
  7431 | D        | Noticed Khufu
  7431 | D        | Noticed a royal mummy
  7432 | D        | Killed an ancient lich
  7433 | D        | Killed an Orb Guardian
  7433 | D        | Killed an Orb Guardian
  7433 | D        | Killed an Orb Guardian
  7433 | D        | Killed an Orb Guardian
  7434 | D        | Killed a royal mummy
  7434 | D        | Noticed a pearl dragon
  7435 | D        | Noticed an electric golem
  7436 | D        | Noticed a Tzitzimitl
  7437 | D        | Killed Khufu
  7438 | D        | Killed an electric golem
  7438 | D        | Killed a pearl dragon
  7438 | D        | Killed a Tzitzimitl
  7439 | D        | Reached skill level 27 in Dodging
  7439 | D        | Reached XP level 19. HP: 67/226 MP: 21/36
  7729 | D        | Noticed a curse toe
  7736 | D        | Killed a curse toe
  7889 | D        | Reached skill level 10 in Evocations
  7912 | D        | Noticed a royal mummy
  7941 | D        | Killed a royal mummy
  8297 | D        | Reached skill level 15 in Evocations
  8954 | D        | Noticed Bocamifi the pandemonium lord
  8963 | D        | Killed Bocamifi the pandemonium lord
  9015 | D        | Reached skill level 27 in Evocations
  9020 | D        | Reached XP level 20. HP: 211/236 MP: 14/41
  9028 | D        | Got a golden rune of Zot
  9220 | D        | Got the Octavo of the Valley and the Missiles
  9502 | D        | Noticed an orb of fire
  9506 | D        | Gained mutation: Your magical capacity is low. (-10% MP)
                  | [an orb of fire]
  9512 | D        | Gained mutation: You are vulnerable to heat. (rF-) [an orb
                  | of fire]
  9518 | D        | Killed an orb of fire
  9919 | D        | Noticed Murray
  9937 | D        | Killed Murray
 10621 | D        | Noticed Vonta the pandemonium lord
 10633 | D        | Killed Vonta the pandemonium lord
 10840 | D        | Noticed Frederick
 10843 | D        | Killed Frederick
 10968 | D        | Noticed a royal mummy
 10977 | D        | Killed a royal mummy
 10990 | D        | Noticed a royal mummy
 11006 | D        | Killed a royal mummy
 11582 | D        | Noticed Louise
 11616 | D        | Killed Louise
 11747 | D        | Noticed an ancient lich
 11748 | D        | Killed an ancient lich
 11749 | D        | Reached skill level 27 in Spellcasting
 11749 | D        | Reached skill level 5 in Stealth
 11895 | D        | Noticed a royal mummy
 11903 | D        | Killed a royal mummy
 11904 | D        | Reached skill level 10 in Stealth
 12356 | D        | Noticed Nikola
 12356 | D        | Noticed a bone dragon
 12356 | D        | Noticed an orb of fire
 12358 | D        | Killed Nikola
 12364 | D        | Killed a bone dragon
 12373 | D        | Gained mutation: You are clumsy. (Dex -2) [an orb of fire]
 12378 | D        | Killed an orb of fire
 12379 | D        | Reached skill level 15 in Stealth
 12784 | D        | Noticed the Serpent of Hell
 12785 | D        | Noticed Antaeus
 12785 | D        | Noticed a royal mummy
 12788 | D        | Killed a royal mummy
 12793 | D        | Noticed a golden dragon
 12821 | D        | Noticed a golden dragon
 12838 | D        | Killed the Serpent of Hell
 12843 | D        | Killed from afar by an electric golem

Illustrated notes

Levels and vault maps discovered:
D:        pitsprint [storerooms_1, entrance_room_1, metal_vault_4, armoury_1,
          mini_pit_1, grid_room_1, main_hall_1, silver_pit, the_coven_2,
          the_vestibule_1, steel_vault_3, golden_pit, hallway_of_sentries,
          crystal_vault_4, iron_vault_4, final_vault]

Skill      XL: |  1  2  3  4  5  6  7  8  9 10 11 12 13 14 15 16 17 18 19 20 |
---------------+-------------------------------------------------------------+-----
Axes           | 3 4 6 7 9 10 12 13 15 18 21 23 27 | 27.0
Invocations    | 6 7 12 13 15 17 20 23 25 27 | 27.0
Fighting       | 4 5 7 8 9 10 12 13 14 17 20 22 25 27 | 27.0
Armour         | 4 6 7 8 9 11 12 13 16 18 21 23 27 | 27.0
Shields        | 4 6 7 8 9 11 12 13 16 18 21 23 27 | 27.0
Dodging        | 9 27 | 27.0
Evocations     | 3 27 | 27.0
Spellcasting   | 17 27 | 27.0
Stealth        | 18 | 18.6

Action                     |  1- 3 |  4- 6 |  7- 9 | 10-12 | 13-15 | 16-18 | 19-21 || total
---------------------------+-------+-------+-------+-------+-------+-------+-------++-------
  Melee: War axe           |    10 |    50 |    54 |       |       |       |       ||   114
         Hand axe          |       |       |    44 |       |       |       |       ||    44
         Broad axe         |       |       |     8 |   115 |   233 |   232 |   285 ||   873
 Invoke: Disaster Area     |       |       |     4 |     7 |    16 |    29 |    16 ||    72
         Upheaval          |       |       |       |       |     1 |     5 |     3 ||     9
         Elemental Force   |       |       |       |       |       |       |     1 ||     1
Ability: Evoke Blink       |       |       |       |       |       |       |     1 ||     1
  Evoke: Wand              |       |       |     1 |       |       |       |       ||     1
    Use: Potion            |       |     3 |     3 |     2 |     5 |     3 |     8 ||    24
         Scroll            |       |       |       |       |     7 |     2 |     5 ||    14
   Stab: Sleeping          |       |       |       |       |       |     1 |       ||     1
 Armour: Scale mail        |     3 |    12 |       |       |       |       |       ||    15
         Chain mail        |       |     8 |    26 |    68 |       |       |       ||   102
         Gold dragon scale |       |       |       |       |    86 |    46 |       ||   132
         Plate armour      |       |       |       |       |       |    61 |    21 ||    82
  Dodge: Dodged            |     4 |    14 |    37 |    54 |    41 |    37 |    43 ||   230
         Repelled          |       |       |       |     4 |     2 |     2 |     9 ||    17
  Block: Buckler           |       |    27 |    64 |   105 |       |       |       ||   196
         Tower shield      |       |       |       |     3 |   319 |   263 |   197 ||   782
         Reflection        |       |       |       |       |     8 |     8 |     5 ||    21

Table legend: (Time is in decaauts) A = Elapsed time spent in this place. B = Non-inter-level travel time spent in this place. C = Inter-level travel time spent in this place. D = Time resting spent in this place. E = Time spent auto-exploring this place. F = Levels seen in this place. G = Mean time per level. A B C D E F G +--------+--------+--------+--------+--------+-----+--------+ Total | 12583 | 12402 | 181 | 8889 | 90 | 1 | 12583.0 | Dungeon | 12583 | 12402 | 181 | 8889 | 90 | 1 | 12583.0 | +--------+--------+--------+--------+--------+-----+--------+

Top non-repeatable levels by time:
       D: 12583 daAuts
